 Dungeon Crawl Stone Soup version 0.23-a0-143-g1adec7bb76 (webtiles) character file.

160338 Napalmbreeze the Severer (level 17, -1/164 HPs)
             Began as a Deep Dwarf Fighter on Sept 4, 2018.
             Was the Champion of Makhleb.
             Drowned by a water nymph (2 damage)
             ... on level 4 of the Shoals.
             The game lasted 00:54:28 (22992 turns).

Napalmbreeze the Severer (Deep Dwarf Fighter)      Turns: 22992, Time: 00:54:58

Health: -1/164     AC: 38    Str: 18    XL:     17   Next: 18%
Magic:  18/18      EV: 17    Int: 11    God:    Makhleb [******]
Gold:   2567       SH:  0    Dex: 28    Spells: 16/16 levels left

rFire    . . .     SeeInvis .   U - +8 executioner's axe (vamp)
rCold    . . .     Gourm    .   (shield currently unavailable)
rNeg     + . .     Faith    .   J - +15 Maxwell's patent armour {-Cast -Tele rElec MR+ rCorr}
rPois    .         Spirit   .   (helmet restricted)
rElec    +         Reflect  .   x - +0 cloak
rCorr    +         Harm     .   O - +0 pair of gloves
MR       +++..     NoTele   +   M - +0 pair of boots of Oluem {rElec Dex+4 Slay+3} (curse) Stlth ..........NoCast +
                                u - amulet of rage
HPRegen  0.00/turn              a - ring of flight
MPRegen  0.16/turn              g - +5 ring of dexterity

@: lethally poisoned (-1 -> -22), non-regenerating, very slow
A: damage resistance, heal wounds, antennae 1, molten scales 1, thin skeletal
structure 1, negative energy resistance 1, sense surroundings 2, weak 1, no
regeneration
a: Heal Wounds, Minor Destruction, Lesser Servant of Makhleb, Major Destruction,
Greater Servant of Makhleb, Renounce Religion, Evoke Berserk Rage, Evoke Flight


You were on level 4 of the Shoals.
You worshipped Makhleb.
Makhleb was exalted by your worship.
You were hungry.

You visited 5 branches of the dungeon, and saw 28 of its levels.
You also visited: Ice Cave.

You collected 3143 gold pieces.
You spent 576 gold pieces at shops.

Inventory:

Hand Weapons
 D - the +5 glaive of Extinguishment {flame, rN+ Stlth+}
   (You found it on level 5 of the Dungeon)

   It has been specially enchanted to burn those struck by it, causing extra
   injury to most foes and up to half again as much damage against particularly
   susceptible opponents.
   Big, fiery blades are also staple armaments of hydra-hunters.
   It protects you from negative energy.
   It makes you more stealthy.
 U - a +8 vampiric executioner's axe (weapon)
Armour
 n - a +1 helmet
 x - a +0 cloak (worn)
 J - the +15 Maxwell's patent armour (worn) {-Cast -Tele rElec MR+ rCorr}
   (You found it on level 7 of the Dungeon)

   It insulates you from electricity.
   It affects your resistance to hostile enchantments.
   It prevents spellcasting.
   It prevents most forms of teleportation.
   It provides partial protection from all sources of acid and corrosion.
 M - the cursed +0 pair of boots of Oluem (worn) {rElec Dex+4 Slay+3}
   (You found it on level 8 of the Dungeon)

   It affects your dexterity (+4).
   It affects your accuracy and damage with ranged weapons and melee attacks
   (+3).
   It insulates you from electricity.
   It has a curse placed upon it.
 O - a +0 pair of gloves (worn)
Jewellery
 a - a ring of flight (left hand)
 c - an uncursed ring of protection from cold
 g - a +5 ring of dexterity (right hand)
 q - an uncursed amulet of faith
 u - an amulet of rage (around neck)
Wands
 j - a wand of iceblast (8)
 t - a wand of scattershot (5)
Scrolls
 h - 10 scrolls of teleportation
 k - 8 scrolls of identify
 p - 7 scrolls of immolation
 s - 2 scrolls of fear
 v - a scroll of acquirement
 y - a scroll of holy word {unknown}
 z - 6 scrolls of magic mapping
 A - 3 scrolls of fog
 G - 11 scrolls of remove curse
 H - 8 scrolls of amnesia
 I - a scroll of blinking
 L - a scroll of summoning
 N - 5 scrolls of enchant armour
Potions
 b - 6 potions of flight
 d - 9 potions of might
 e - 4 potions of cancellation
 i - 5 potions of mutation
 l - a potion of invisibility
 m - 5 potions of resistance
 o - 3 potions of degeneration
 r - 13 potions of curing
 w - 5 potions of haste
 B - 2 potions of heal wounds
 C - 2 potions of brilliance
 E - a potion of ambrosia {unknown}
 Q - a potion of agility
Comestibles
 f - 41 rations


   Skills:
 - Level 13.3 Fighting
 * Level 15.9(17.4) Axes
 - Level 10.8(13.6) Polearms
 + Level 14.0 Armour
 - Level 15.2 Dodging
   Level 3.2 Shields
 + Level 11.4 Invocations


You had 16 spell levels left.
You didn't know any spells.
Your spell library contained the following spells:

 Spells                   Type           Power        Failure   Level  Hunger
 Beastly Appendage        Tmut           #.....       99%         1    ##.....
 Corona                   Hex            #......      99%         1    ##.....
 Ensorcelled Hibernation  Hex/Ice        #.....       100%        2    ###....
 Poisonous Vapours        Pois/Air       #.....       100%        2    ###....
 Slow                     Hex            #.......     100%        2    ###....
 Sticks to Snakes         Tmut           #.......     100%        2    ###....
 Conjure Flame            Conj/Fire      #.......     100%        3    ####...
 Inner Flame              Hex/Fire       #.......     100%        3    ####...
 Mephitic Cloud           Conj/Pois/Air  #.......     100%        3    ####...
 Portal Projectile        Hex/Tloc       #.....       100%        3    ####...
 Spider Form              Tmut/Pois      #.........   100%        3    ####...
 Cause Fear               Hex            #.........   100%        4    #####..
 Ice Form                 Ice/Tmut       #.......     100%        4    #####..
 Leda's Liquefaction      Hex/Erth       #.........   100%        4    #####..
 Blade Hands              Tmut           #.........   100%        5    ######.
 Borgnjor's Vile Clutch   Necr/Erth      #.........   100%        5    ######.
 Silence                  Hex/Air        #.........   100%        5    ######.
 Darkness                 Hex            #.........   100%        6    #######
 Freezing Cloud           Conj/Ice/Air   #.........   100%        6    #######
 Shadow Creatures         Summ           N/A          100%        6    #######
 Ring of Flames           Chrm/Fire      #.........   100%        7    #######


Dungeon Overview and Level Annotations

Branches:
Dungeon (15/15)            Temple (1/1) D:7            Lair (6/6) D:8
 Shoals (4/4) Lair:2       Spider (0/4) Lair:3        Slime (0/5) Lair:6
    Orc (2/2) D:12            Elf (0/3) Orc:2        Vaults (0/5) D:13
 Depths (0/5) D:15

Altars:
Ashenzari
Cheibriados
Dithmenos
Elyvilon
Fedhas
Gozag
Hepliaklqana
Kikubaaqudgha
Makhleb
Nemelex Xobeh
Okawaru
Qazlal
Ru
Sif Muna
Trog
Uskayaw
Vehumet
Wu Jian
Xom
Yredelemnul
Zin
The Shining One
Beogh

Shops:
D:6 !   D:8 }   Orc:2 [(:!

Portals:
Trove: D:11 (give +3 gold dragon scales)

Annotations:
D:7 1 runed door
Lair:3 3 runed doors, yrara's ghost, journeyman DsFi
Shoals:4 3 runed doors, P0WERM0DE's ghost, journeyman DDFi; Polyphemus


Innate Abilities, Weirdness & Mutations

You are resistant to damage.
You can heal yourself by infusing magical energy.
You resist negative energy. (rN+)
You passively map the area around you.
You do not regenerate.
You have a pair of small antennae on your head.
You are partially covered in molten scales. (AC +2)
You have a somewhat thin skeletal structure. (Dex +2, Stealth)
You are weak. (Str -2)


Message History

The sea snake is engulfed in calcifying dust. x2
You slip free of the water engulfing you.
A water nymph comes into view.
You gasp with relief as air once again reaches your lungs.
* * * LOW HITPOINT WARNING * * *
You feel very sick.
The water nymph shouts!
The sea snake is engulfed in calcifying dust. x2
The catoblepas breathes a plume of calcifying dust at you.
The blast of calcifying dust hits you!
* * * LOW HITPOINT WARNING * * *
The water nymph gestures at you while chanting.
The water swirls and strikes you!
* * * LOW HITPOINT WARNING * * *
The sea snake is engulfed in calcifying dust.
The water elemental barely misses you.
The water nymph is engulfed in calcifying dust.
The water nymph is moving more slowly.
The water nymph touches you. The water nymph drowns you!
You die...

≈ , ##≈≈≈........≈.......
≈≈ *+##≈≈≈≈..$...........#
, ..≈≈≈≈≈..............# .
,.≈≈≈≈≈≈≈...mH....†(..#..
,,≈≈≈≈≈≈≈≈..≈...<..((†(...
, ≈
≈≈≈≈≈≈≈≈≈.mm.m.......... ,
≈≈≈≈≈≈≈≈mCYm(.......≈≈≈P ,
≈≈≈≈≈≈≈EYmSmmm....!≈≈≈≈PP
≈ ≈≈≈≈≈≈≈@####+++####≈≈≈≈≈
, ,
≈≈≈≈≈.≈##8W÷....(8##≈.≈. ≈
≈≈≈≈≈..#..≈≈≈≈≈.÷..#≈... ,
,≈
≈≈...≈≈#..≈|Z=≈)≈≈÷#≈... ,
≈≈≈≈≈≈≈≈#.÷≈Z≈≈≈≈≈..# .).
,,,,
....≈≈≈#≈≈≈≈≈≈≈≈≈÷≈#≈, ,
*≈ ≈≈≈....#≈≈≈≈≈≈≈:≈≈ *≈ *
,.m≈≈≈.≈ ≈ ≈ ≈≈ * , ≈≈ * ≈
≈


You could see Polyphemus, a merfolk impaler, a death yak, a catoblepas, a sea
snake (petrified), 3 merfolk, a manticore (petrified), a water elemental and 2
water nymphs.

Vanquished Creatures
  A kraken (Shoals:1)
  A frost giant (IceCv)
  An orc warlord (Orc:2)
  The ghost of Ceil the Bringer of Law, a journeyman HaHu of Zin (Shoals:3)
  The ghost of stburah the Cleaver, a journeyman FoFi of the Shining One (D:14)
  An ettin (Orc:2)
  8 merfolk impalers
  2 yaktaur captains
  A vault guard (D:11)
  A catoblepas (Lair:5)
  2 death knights
  5 centaur warriors
  4 hydras
  7 two-headed ogres
  2 satyrs (Shoals:3)
  An alligator snapping turtle (Shoals:2)
  An ogre mage (D:15)
  A merfolk aquamancer (Shoals:3)
  2 orc high priests (Orc:2)
  Sonja (D:12)
  3 death yaks (Shoals:4)
  Urug (D:10)
  A skeletal warrior (D:13)
  11 sea snakes
  A glowing orange brain (shapeshifter) (D:13)
  An unseen horror (D:10)
  An obsidian statue (D:14)
  2 phantasmal warriors
  21 harpies
  An orc knight (Orc:2)
  A necromancer (D:15)
  7 cyclopes
  An orc sorcerer (Orc:2)
  25 fauns
  18 ugly things
  9 deep elf magi
  10 manticores
  14 elephants
  8 merfolk sirens
  A guardian serpent (shapeshifter) (D:12)
  Joseph (D:9)
  4 water nymphs
  An ice statue (IceCv)
  A gargoyle (D:12)
  An eye of devastation (Lair:6)
  4 black mambas
  9 spiny frogs
  5 centaur skeletons
  3 freezing wraiths
  5 komodo dragons
  A rime drake (Lair:6)
  4 kobold demonologists
  2 efreet
  2 yaktaurs (D:13)
  4 harpy zombies
  18 polar bears
  8 trolls
  22 merfolk
  A tengu conjurer (D:14)
  Prince Ribbit (Lair:3)
  3 wind drakes
  9 hornets
  5 dream sheep
  A slime creature (D:15)
  23 blink frogs
  14 hippogriffs
  6 snapping turtles
  2 vampires
  6 wraiths
  37 yaks
  9 water elementals
  Grum (D:9)
  15 spriggans (Lair:6)
  3 wyverns
  6 basilisks
  A human (D:11)
  3 hogs (D:11)
  2 steam dragons (D:7)
  5 vampire mosquitoes
  4 hungry ghosts
  2 wargs (Orc:2)
  Menkaure (D:5)
  3 acid dragons
  A soldier ant (D:12)
  10 porcupines
  14 water moccasins
  33 orc warriors
  6 sky beasts
  9 black bears
  3 phantoms
  9 ice beasts
  17 ogres
  47 wolves
  3 eyes of draining
  2 boggarts (Lair:6)
  13 centaurs
  9 crocodiles
  7 big kobolds
  A hippogriff zombie (Shoals:3)
  17 bullfrogs
  A gnoll sergeant (D:11)
  An elf skeleton (D:15)
  A wyvern skeleton (D:7)
  9 scorpions
  17 killer bees
  8 wights
  8 electric eels
  5 howler monkeys
  9 crimson imps
  3 centaur zombies
  10 hounds
  2 bullfrog zombies (D:7)
  31 orc priests
  6 human zombies (D:15)
  6 jellies
  3 quasits
  7 iguanas
  26 orc wizards
  7 worker ants
  Ijyb (D:4)
  A human skeleton (D:15)
  An ogre zombie (D:15)
  A hound zombie (D:11)
  A hound skeleton (D:10)
  A worker ant zombie (D:6)
  A howler monkey zombie (D:7)
  Robin (D:2)
  5 gnolls (D:11)
  13 adders
  5 shadow imps
  2 oozes
  2 adder skeletons
  5 worms
  2 dart slugs
  8 leopard geckos
  117 orcs
  A ball python (D:1)
  A bat zombie (Shoals:3)
  8 giant cockroaches
  14 goblins
  11 hobgoblins
  16 jackals
  43 kobolds
  5 quokkas
  5 bats
  5 frilled lizards
  A quokka skeleton (D:7)
  8 rats
  13 plants
  2 tentacles (Shoals:1)
1100 creatures vanquished.

Vanquished Creatures (collateral kills)
  2 centaur zombies (D:15)
  3 slime creatures (D:15)
  A wyvern (D:15)
  A bullfrog (D:15)
7 creatures vanquished.

Vanquished Creatures (others)
  A yak (D:7)
  A boggart (Lair:6)
  A big kobold (D:7)
  An orc (D:12)
  A fungus (Lair:6)
  8 plants
  2 tentacles (Shoals:1)
15 creatures vanquished.

Grand Total: 1122 creatures vanquished

Notes
Turn   | Place    | Note
-------+----------+-------------------------------------------
     0 | D:1      | Napalmbreeze the Deep Dwarf Fighter began the quest for the
                  | Orb.
     0 | D:1      | Reached XP level 1. HP: 20/20 MP: 1/1
   112 | D:1      | Reached XP level 2. HP: 24/27 MP: 2/2
   438 | D:1      | Reached skill level 1 in Dodging
   491 | D:2      | Reached XP level 3. HP: 28/33 MP: 3/3
   497 | D:2      | Found a deep blue altar of Sif Muna.
   649 | D:2      | Noticed Robin
   659 | D:2      | Killed Robin
  1054 | D:2      | Reached XP level 4. HP: 28/42 MP: 4/4
  1464 | D:3      | Reached XP level 5. HP: 39/49 MP: 4/4
  2061 | D:4      | HP: 2/49 [scorpion (1)]
  2063 | D:4      | Reached XP level 6. HP: 27/57 MP: 5/5
  2238 | D:4      | Reached skill level 5 in Axes
  2261 | D:4      | Noticed Ijyb
  2280 | D:4      | Killed Ijyb
  2757 | D:5      | Entered Level 5 of the Dungeon
  2781 | D:5      | Reached XP level 7. HP: 30/64 MP: 6/6
  2984 | D:5      | Reached skill level 5 in Armour
  3538 | D:5      | Got a steaming glaive
  3540 | D:5      | Identified the +5 glaive of Extinguishment {flame, rN+
                  | Stlth+} (You found it on level 5 of the Dungeon)
  3628 | D:5      | Noticed Menkaure
  3632 | D:5      | Killed Menkaure
  3632 | D:5      | Reached skill level 1 in Polearms
  3775 | D:5      | Reached XP level 8. HP: 37/73 MP: 7/7
  4080 | D:5      | Found a shattered altar of Ashenzari.
  4608 | D:6      | Reached skill level 5 in Fighting
  4620 | D:6      | Reached skill level 5 in Dodging
  4812 | D:6      | Found Niciluig's Distillery.
  5398 | D:7      | Found a sacrificial altar of Ru.
  5399 | D:7      | Found a deep blue altar of Sif Muna.
  5399 | D:7      | Found a radiant altar of Vehumet.
  5401 | D:7      | Found an ornate altar of the Wu Jian Council.
  5446 | D:7      | Gained mutation: You passively map the area around you.
                  | [Deep Dwarf growth]
  5446 | D:7      | Reached XP level 9. HP: 32/81 MP: 8/8
  5507 | D:7      | Reached skill level 5 in Polearms
  5557 | D:7      | Found the sheer robe
  5601 | D:7      | Found the +15 Maxwell's patent armour {-Cast -Tele rElec
                  | MR+ rCorr}
  5946 | D:7      | Found a runed door.
  5949 | D:7      | Noticed a brown ugly thing
  5950 | D:7      | Found a runed door.
  5950 | D:7      | Found a runed door.
  5969 | D:7      | Killed a brown ugly thing
  5969 | D:7      | Reached XP level 10. HP: 61/92 MP: 9/9
  6266 | D:7      | Found a staircase to the Ecumenical Temple.
  6285 | Temple   | Entered the Ecumenical Temple
  6415 | Temple   | Became a worshipper of Makhleb the Destroyer
  6906 | D:8      | Found Hopsom's Gadget Emporium.
  6978 | D:8      | Got a pair of jewelled boots
  6984 | D:8      | Identified the cursed +0 pair of boots of Oluem {rElec
                  | Dex+4 Slay+3} (You found it on level 8 of the Dungeon)
  6987 | D:8      | Reached * piety under Makhleb
  7078 | D:8      | Found a staircase to the Lair.
  7124 | D:8      | Found a shadowy altar of Dithmenos.
  7124 | D:8      | Found a basalt altar of Yredelemnul.
  7440 | D:9      | Noticed Grum
  7461 | D:9      | Reached skill level 10 in Armour
  7469 | D:9      | Killed Grum
  7533 | D:9      | Got a crude whip
  7789 | D:9      | Noticed Joseph
  7799 | D:9      | Killed Joseph
  8021 | D:10     | Entered Level 10 of the Dungeon
  8035 | D:10     | Reached XP level 11. HP: 73/100 MP: 10/10
  8060 | D:10     | Reached ** piety under Makhleb
  8098 | D:10     | Killed an unseen horror
  8323 | D:10     | Noticed Urug
  8333 | D:10     | Killed Urug
  8797 | Lair:1   | Entered Level 1 of the Lair of Beasts
  8952 | Lair:1   | Reached *** piety under Makhleb
  9985 | Lair:2   | Noticed a six-headed hydra
  9991 | Lair:2   | Killed a two-headed hydra
  9991 | Lair:2   | Reached XP level 12. HP: 105/112 MP: 11/11
  9997 | Lair:2   | Found a staircase to the Shoals.
 10245 | Lair:3   | Found a hole to the Spider Nest.
 10272 | Lair:3   | Found a runed gate.
 10273 | Lair:3   | Found a runed gate.
 10274 | Lair:3   | Found a runed gate.
 10291 | Lair:3   | Noticed Prince Ribbit
 10308 | Lair:3   | Reached **** piety under Makhleb
 10338 | Lair:3   | Reached skill level 10 in Dodging
 10415 | Lair:3   | Killed Prince Ribbit
 10879 | Lair:3   | Noticed an ice dragon
 10885 | Lair:3   | Noticed yrara's ghost (journeyman DsFi)
 11282 | Lair:4   | Reached skill level 1 in Invocations
 11410 | Lair:4   | Noticed a six-headed hydra
 11415 | Lair:4   | Killed a two-headed hydra
 11894 | Lair:5   | Reached XP level 13. HP: 75/122 MP: 14/14
 11951 | Lair:5   | Reached ***** piety under Makhleb
 12535 | Lair:6   | Entered Level 6 of the Lair of Beasts
 12540 | Lair:6   | Reached skill level 10 in Fighting
 12551 | Lair:6   | Reached skill level 5 in Invocations
 12587 | Lair:6   | Found a staircase to the Slime Pits.
 12742 | Lair:6   | Reached skill level 10 in Polearms
 14006 | D:11     | Reached ****** piety under Makhleb
 14082 | D:11     | Found a portal to a secret trove of treasure.
 14098 | D:11     | You fall through a shaft for 3 floors!
 14186 | D:13     | Gained mutation: You resist negative energy. (rN+) [Deep
                  | Dwarf growth]
 14186 | D:13     | Reached XP level 14. HP: 111/133 MP: 18/18
 14382 | D:13     | Identified the +6 whip of Xerupn {slash, rC- Str+9 Int+4
                  | Stlth+} (You found it on level 9 of the Dungeon)
 14395 | D:13     | Identified a scroll of acquirement
 14907 | D:13     | Found a gate to the Vaults.
 15219 | D:12     | Noticed Sonja
 15240 | D:12     | Found a staircase to the Orcish Mines.
 15253 | D:12     | Killed Sonja
 15829 | D:11     | Reached skill level 10 in Invocations
 17139 | D:14     | Reached skill level 10 in Axes
 17301 | D:14     | Found a sacrificial altar of Ru.
 17312 | D:14     | Reached XP level 15. HP: 144/144 MP: 18/18
 17426 | D:14     | Found a runed gate.
 17433 | D:14     | Found an opulent altar of Gozag.
 17434 | D:14     | Found a runed gate.
 17434 | D:14     | Found a runed gate.
 17434 | D:14     | Noticed stburah's ghost (journeyman FoFi)
 17451 | D:14     | Killed stburah's ghost
 17696 | D:14     | Gained mutation: You have a somewhat thin skeletal
                  | structure. (Dex +2, Stealth) [potion of mutation]
 17696 | D:14     | Gained mutation: You are weak. (Str -2) [potion of
                  | mutation]
 17696 | D:14     | Gained mutation: You have a pair of small antennae on your
                  | head. [potion of mutation]
 17696 | D:14     | Gained mutation: You are partially covered in molten
                  | scales. (AC +2) [potion of mutation]
 17833 | D:15     | Entered Level 15 of the Dungeon
 18129 | D:15     | Found a staircase to the Depths.
 18182 | D:15     | Found a frozen archway.
 18308 | IceCv    | Entered an ice cave
 18452 | IceCv    | Noticed a frost giant
 18470 | IceCv    | Killed a frost giant
 18908 | D:15     | Found a basalt altar of Yredelemnul.
 19031 | Orc:1    | Entered Level 1 of the Orcish Mines
 19065 | Orc:1    | Found a bloodstained altar of Trog.
 19350 | Orc:2    | Entered Level 2 of the Orcish Mines
 19462 | Orc:2    | Found a staircase to the Elven Halls.
 19592 | Orc:2    | Noticed an orc warlord
 19624 | Orc:2    | Killed an orc warlord
 19625 | Orc:2    | Found Guva's Antique Armour Shoppe.
 19626 | Orc:2    | Found a roughly hewn altar of Beogh.
 19635 | Orc:2    | Found Saako's Antique Weapon Emporium.
 19736 | Orc:2    | Found a roughly hewn altar of Beogh.
 19737 | Orc:2    | Found Cahesche's Book Shop.
 19928 | Orc:2    | Found a roughly hewn altar of Beogh.
 20001 | Orc:2    | Found a roughly hewn altar of Beogh.
 20028 | Orc:2    | Found a roughly hewn altar of Beogh.
 20081 | Orc:2    | Found a roughly hewn altar of Beogh.
 20092 | Orc:2    | Found Imiacubb's Distillery.
 20099 | Orc:2    | Bought a potion of resistance for 180 gold pieces
 20099 | Orc:2    | Bought a potion of resistance for 180 gold pieces
 20099 | Orc:2    | Bought a potion of mutation for 144 gold pieces
 20099 | Orc:2    | Bought a potion of might for 72 gold pieces
 20301 | Shoals:1 | Entered Level 1 of the Shoals
 20317 | Shoals:1 | Reached XP level 16. HP: 142/154 MP: 19/19
 20872 | Shoals:1 | Noticed a kraken
 20884 | Shoals:1 | Killed a kraken
 21007 | Shoals:1 | Reached skill level 15 in Dodging
 22013 | Shoals:2 | Reached skill level 15 in Axes
 22103 | Shoals:3 | Found a runed gate.
 22115 | Shoals:3 | Found a runed gate.
 22120 | Shoals:3 | Found a runed gate.
 22123 | Shoals:3 | Noticed Ceil's ghost (journeyman HaHu)
 22155 | Shoals:3 | Killed Ceil's ghost
 22394 | Shoals:3 | Reached XP level 17. HP: 140/164 MP: 20/20
 22938 | Shoals:4 | Entered Level 4 of the Shoals
 22938 | Shoals:4 | Found a runed gate.
 22938 | Shoals:4 | Found a runed gate.
 22938 | Shoals:4 | Found a runed gate.
 22940 | Shoals:4 | Noticed P0WERM0DE's ghost (journeyman DDFi)
 22949 | Shoals:4 | Noticed Polyphemus
 22992 | Shoals:4 | HP: 1/164 [water nymph/the raging water (8)]
 22992 | Shoals:4 | Drowned by a water nymph

Vault maps used:
D:1:      nzn_arrival_depleted_hourglass
D:2:      solitary_fountain, led_sif_pool, uniq_robin
D:3:      st_stairs_10
D:4:      uniq_ijyb
D:5:      kennysheep_kobold_camp, kennysheep_mini, first_ration, uniq_menkaure
D:6:      serial_shops, shop
D:7:      minmay_the_grid_triangle_9x9_recursive_2, grunt_temple_overflow_open
D:8:      amethyst_overflow_temple_binary, dpeg_oklobed_lair, serial_shops, shop
D:9:      uniq_grum, uniq_joseph
D:10:     uniq_urug
D:11:     serial_bayou, serial_bayou_pond_e, serial_bayou_crossing,
          serial_bayou_lagoon_b, serial_bayou_pond_b, enter_trove_5,
          grunt_livestock
D:12:     david_orc_2, minmay_bent, uniq_sonja
D:13:     david_vaults_2
D:14:     lemuel_tele_altar, ebering_ghost_gozag
D:15:     grunt_enter_depths_magical_seal, portal_ice_cave_entry_pillars_2,
          lemuel_mausoleum_altar_yredelemnul
Temple:   regret_index_temple_waves
Lair:1:   serial_bayou, serial_bayou_ford_a, serial_bayou_lagoon_a,
          serial_bayou_pond_b, serial_bayou_shore_b, serial_bayou_pond_d,
          serial_bayou_pond_e, st_stairs_3, beast_lair_carwin_9
Lair:2:   minmay_shoals_entry_beasts
Lair:3:   dummy_spider_entry, gammafunk_ghost_icy, uniq_prince_ribbit2
Lair:6:   minmay_lair_end_enchanted_forest, minmay_slime_entry_eyes
Shoals:1: hangedman_shoals_cup_caves
Shoals:3: ebering_ghost_rock_garden, nicolae_shoals_undead_eyrie
Shoals:4: shoals_end_simple, shoals_ilsuiw_ice, ebering_ghost_davey_jones,
          lemuel_oklob_altar, uniq_polyphemus
Orc:1:    basic_altar
Orc:2:    grunt_orc_community_town_hall, grunt_orc_community_big_house_1,
          grunt_orc_community_big_house_2, grunt_orc_community_house_2,
          grunt_orc_community_house_1, grunt_orc_community_house_1,
          grunt_orc_community_house_2
IceCv:    ice_cave_small_giant

Skill      XL: |  1  2  3  4  5  6  7  8  9 10 11 12 13 14 15 16 17 |
---------------+----------------------------------------------------+-----
Dodging        | 1 2 3 4 5 6 8 9 10 12 13 14 15 | 15.2
Axes           | 3 4 5 6 10 13 15 | 15.9
Fighting       | 3 4 5 6 7 8 9 10 11 12 13 | 13.3
Armour         | 4 5 6 8 10 12 13 14 | 14.0
Polearms       | 1 4 6 7 8 9 10 | 10.8
Invocations    | 3 8 10 11 | 11.4
Shields        | |  3.2

Action                   |  1- 3 |  4- 6 |  7- 9 | 10-12 | 13-15 | 16-18 || total
-------------------------+-------+-------+-------+-------+-------+-------++-------
Melee: War axe           |   106 |   189 |   119 |       |       |       ||   414
       Unarmed           |       |     9 |       |       |       |       ||     9
       Glaive            |       |       |   225 |   624 |   489 |       ||  1338
       Executioner's axe |       |       |       |       |   928 |   568 ||  1496
Invok: Lesser Servant of |       |       |       |       |     1 |       ||     1
       Minor Destruction |       |       |       |       |     4 |       ||     4
       Greater Servant o |       |       |       |       |     1 |       ||     1
 Abil: Heal Wounds       |       |     4 |    11 |     1 |     7 |    10 ||    33
       Evoke Berserk Rag |       |       |     1 |     1 |       |     1 ||     3
       Evoke Flight      |       |       |       |       |       |     1 ||     1
  Use: Scroll            |       |     1 |     1 |       |    18 |     5 ||    25
       Potion            |       |       |       |       |     3 |     7 ||    10
 Stab: Confused          |       |     1 |       |       |       |       ||     1
       Distracted        |       |       |       |       |     1 |     1 ||     2
       Petrified         |       |       |       |       |       |     7 ||     7
  Eat: Chunk             |       |     6 |    12 |    11 |    24 |     8 ||    61
       Ration            |       |       |     1 |     3 |     5 |     1 ||    10
Armor: Scale mail        |    59 |    94 |    45 |       |       |       ||   198
       Chain mail        |       |       |   130 |       |       |       ||   130
       Plate armour      |       |       |    93 |   675 |  1483 |   757 ||  3008
Dodge: Dodged            |    75 |   116 |   258 |   588 |  1829 |   970 ||  3836

Table legend:
 A = Non-vault XP
 B = Vault XP
 C = Vault XP percentage of total XP
 D = Non-vault monster count
 E = Vault monster count
 F = Vault count percentage of total count
                 A         B        C        D         E       F
            +---------+---------+-------+---------+---------+-------
      Total |  166830 |   62225 |  27.2 |     774 |     319 |  29.2
            +---------+---------+-------+---------+---------+-------
        D:1 |      33 |       0 |   0.0 |      17 |       0 |   0.0
        D:2 |      44 |      36 |  45.0 |      17 |      12 |  41.4
        D:3 |     122 |       9 |   6.9 |      25 |       3 |  10.7
        D:4 |     404 |      35 |   8.0 |      19 |       1 |   5.0
        D:5 |     649 |     293 |  31.1 |      20 |      22 |  52.4
        D:6 |    1020 |       0 |   0.0 |      23 |       0 |   0.0
        D:7 |    1366 |    2577 |  65.4 |      26 |      28 |  51.9
        D:8 |    1862 |       0 |   0.0 |      34 |       0 |   0.0
        D:9 |    1308 |    1180 |  47.4 |      20 |       7 |  25.9
       D:10 |    3004 |     815 |  21.3 |      31 |       1 |   3.1
       D:11 |    6133 |    2229 |  26.7 |      58 |       8 |  12.1
       D:12 |   10076 |    2330 |  18.8 |      53 |      14 |  20.9
       D:13 |   10321 |    1705 |  14.2 |      33 |       3 |   8.3
       D:14 |   14857 |    3271 |  18.0 |      49 |       7 |  12.5
       D:15 |   11957 |    5228 |  30.4 |      40 |      21 |  34.4
     Lair:1 |    4409 |    2083 |  32.1 |      23 |      10 |  30.3
     Lair:2 |    2742 |     745 |  21.4 |      13 |       2 |  13.3
     Lair:3 |    4748 |    1340 |  22.0 |      14 |       5 |  26.3
     Lair:4 |    3843 |       0 |   0.0 |      11 |       0 |   0.0
     Lair:5 |    7765 |       0 |   0.0 |      28 |       0 |   0.0
     Lair:6 |    8841 |    9255 |  51.1 |      31 |      49 |  61.2
   Shoals:1 |   20848 |    7451 |  26.3 |      34 |      12 |  26.1
   Shoals:2 |   20380 |       0 |   0.0 |      42 |       0 |   0.0
   Shoals:3 |   24285 |    2583 |   9.6 |      47 |       6 |  11.3
   Shoals:4 |     719 |    2547 |  78.0 |       2 |       3 |  60.0
      Orc:1 |    1479 |       0 |   0.0 |      31 |       0 |   0.0
      Orc:2 |    3615 |    6805 |  65.3 |      33 |      69 |  67.6
      IceCv |       0 |    9708 | 100.0 |       0 |      36 | 100.0
            +---------+---------+-------+---------+---------+-------
